 Dungeon Crawl Stone Soup version 0.21-a0-113-g6841d05 (webtiles) character file.

70 Ordine the Conjurer (level 4, 0/36 HPs)
             Began as a Tengu Wizard on July 12, 2017.
             Succumbed to an adder's poison
             ... on level 3 of the Dungeon.
             The game lasted 00:05:54 (2692 turns).

Ordine the Conjurer (Tengu Wizard)                  Turns: 2692, Time: 00:05:54

Health: 0/36       AC: 22    Str:  7    XL:     4   Next: 22%
Magic:  3/8        EV:  2    Int: 24    God:
Gold:   60         SH:  0    Dex: 13    Spells: 6/9 levels left

rFire    . . .     SeeInvis .   g - +0 short sword
rCold    . . .     Gourm    .   (no shield)
rNeg     + + +     Faith    .   (armour currently unavailable)
rPois    +         Spirit   .   (helmet currently unavailable)
rElec    .         Reflect  .   (cloak currently unavailable)
rCorr    .         Harm     .   (gloves currently unavailable)
MR       .....     NoTele   +   (boots unavailable)
Stlth    +++.......             (no amulet)
HPRegen  0.12/turn              f - ring of positive energy
MPRegen  0.11/turn              t - ring of stealth

@: brilliant, lethally poisoned (0 -> -2), tree-form, berserk cooldown, slowed,
very slow
A: low mp 1, sense surroundings 1
a: no special abilities


You were on level 3 of the Dungeon.
You were not hungry.
You were a tree.
You visited 1 branch of the dungeon, and saw 3 of its levels.

You collected 60 gold pieces.

Inventory:

Hand Weapons
 g - a +0 short sword (weapon)
Armour
 a - a +0 robe (melded)
 b - a +0 hat (melded)
Jewellery
 f - a ring of positive energy (left branch)
 t - a ring of stealth (right branch)
Scrolls
 i - a scroll of blinking
 l - a scroll of immolation
 q - a scroll of teleportation
Potions
 e - 2 potions of agility
 h - a potion of lignification
 k - a potion of haste
 m - a potion of resistance
Books
 c - a book of Minor Magic

   Spells                             Type                      Level
   a - Magic Dart                     Conjuration                  1
   b - Blink                          Translocation                2
   c - Call Imp                       Summoning                    2
   d - Slow                           Hexes                        2
   e - Conjure Flame                  Conjuration/Fire             3
   f - Mephitic Cloud                 Conjuration/Poison/Air       3
Comestibles
 d - 3 bread rations
 j - a meat ration
 r - 6 chunks of flesh


   Skills:
 + Level 2.9 Dodging
 + Level 2.7 Stealth
 - Level 3.0 Spellcasting
 * Level 3.3 Conjurations
   Level 1.2 Summonings
 + Level 1.4 Translocations


You had 6 spell levels left.
You knew the following spells:

 Your Spells              Type           Power        Failure   Level  Hunger
a - Magic Dart            Conj           ####         1%          1    None
b - Blink                 Tloc           N/A          1%          2    ##.....


Dungeon Overview and Level Annotations

Branches:
Dungeon (3/15)

Altars:
Elyvilon


Innate Abilities, Weirdness & Mutations

((You have a beak for a mouth.))
((You have claws for feet.))
((You are partially covered in molten scales. (AC +2)))
Your magical capacity is low. (-10% MP)
You passively map a small area around you.


Message History

Okay, then.
It was a potion of flight.
You feel very buoyant.
You swoop lightly up into the air.
* * * LOW HITPOINT WARNING * * *
You feel sick.
It was a potion of brilliance.
You feel clever all of a sudden.
It was a potion of mutation.
You feel extremely strange.
Molten scales grow over part of your body.
You feel less energetic.
You feel a strange attunement to the structure of the dungeons.
* * * LOW HITPOINT WARNING * * *
You feel sick.
* * * LOW HITPOINT WARNING * * *
You feel sick.
Some of the chunks of flesh in your inventory have rotted away.
You turn into a tree.
Your +0 hat melds into your body.
Your +0 robe melds into your body.
Your roots penetrate the ground.
You die...

*,, *,, ###,, #..,,
######*####### #.#*#
*#.....##.....## #.# #
**.......)......## #.# #
*,...............#####.###
*,.......♣.....÷..........
*,......................##
*,........................
*,....................####
*,....................#*##
**..............#......##.
*#.....##.....######..##.
######*####### *....#.
*,*#.#.


There were no monsters in sight!

Vanquished Creatures
  2 adders
  A worm (D:3)
  A dart slug (D:1)
  2 leopard geckos (D:1)
  An orc (D:3)
  9 bats
  4 giant cockroaches
  4 goblins
  4 hobgoblins
  A quokka (D:2)
  2 ball pythons
  7 kobolds
  7 rats
45 creatures vanquished.

Notes
Turn   | Place    | Note
-------+----------+-------------------------------------------
     0 | D:1      | Ordine the Tengu Wizard began the quest for the Orb.
     0 | D:1      | Reached XP level 1. HP: 10/10 MP: 5/5
   228 | D:1      | Reached XP level 2. HP: 11/15 MP: 0/7
   293 | D:1      | Learned a level 2 spell: Blink
   854 | D:1      | Reached skill level 1 in Translocations
  1155 | D:2      | Reached XP level 3. HP: 19/19 MP: 1/8
  1367 | D:2      | Found a white marble altar of Elyvilon.
  2586 | D:3      | Reached XP level 4. HP: 24/24 MP: 0/9
  2686 | D:3      | Gained mutation: You are partially covered in molten scales. (AC +2) [potion of mutation]
  2686 | D:3      | Gained mutation: Your magical capacity is low. (-10% MP) [potion of mutation]
  2686 | D:3      | Gained mutation: You passively map a small area around you. [potion of mutation]
  2689 | D:3      | HP: 1/24 [poisoned by an adder]
  2692 | D:3      | Succumbed to an adder's poison

Vault maps used:
D:1:      minmay_arrival_hallway, minmay_misc_feat_doors,
          hangedman_decor_growths, serial_bayou_ford_a
D:2:      elyvilon_altar_3, first_bread
D:3:      nicolae_overflow_hidden_temple

Skill      XL: |  1  2  3 |
---------------+----------+-----
Conjurations   | 2 3 |  3.3
Translocations | 1 |  1.4
Dodging        | |  2.9
Stealth        | |  2.7
Spellcasting   | |  3.0
Summonings     | |  1.2

Action                   |  1- 3 |  4- 6 || total
-------------------------+-------+-------++-------
Melee: Unarmed           |     9 |       ||     9
       Kick              |     2 |       ||     2
       Peck              |     1 |       ||     1
       Short sword       |     3 |     6 ||     9
 Cast: Magic Dart        |   117 |     9 ||   126
  Use: Scroll            |    10 |       ||    10
       Potion            |       |     5 ||     5
  Eat: Chunk             |     5 |       ||     5
Armor: Robe              |     3 |       ||     3
Dodge: Dodged            |    23 |     7 ||    30
